 Dungeon Crawl Stone Soup version 0.27-a0-1502-g47ed6a6988 (webtiles) character file.

Game seed: 10569004952137989043

44096 EatSleepCrawl the Arsonist (level 13, -4/90 HPs)
             Began as a Pale Draconian Fire Elementalist on July 8, 2021.
             Was an Elder of Vehumet.
             Succumbed to a redback's poison
             ... on level 1 of the Lair of Beasts on July 9, 2021.
             The game lasted 01:20:11 (21801 turns).

EatSleepCrawl the Arsonist (DrFE)                  Turns: 21801, Time: 01:20:11

Health: -4/90      AC: 14    Str: 10    XL:     13   Next: 94%
Magic:  17/29      EV: 12    Int: 22    God:    Vehumet [****..]
Gold:   698        SH:  0    Dex: 11    Spells: 3/36 levels left

rFire    + + .     SeeInvis .   o - staff of air
rCold    . . .     Faith    .   (no shield)
rNeg     . . .     Spirit   .   (armour unavailable)
rPois    .         Reflect  .   w - +2 hat
rElec    +         Harm     .   y - scarf {rC+ rF+}
rCorr    .         Rampage  .   v - +0 pair of gloves
Will     .....                  u - +2 pair of boots
Stlth    ++........             (no amulet)
HPRegen  0.25/turn              h - ring of fire
MPRegen  0.21/turn              (no ring)

@: lethally poisoned (-4 -> -36)
A: breathe steam, AC +8, unfitting armour, cold-blooded, steam resistance
a: Breathe Steam, Renounce Religion


You were on level 1 of the Lair of Beasts.
You worshipped Vehumet.
Vehumet was greatly pleased with you.
You visited 3 branches of the dungeon, and saw 16 of its levels.

You collected 828 gold pieces.
You spent 130 gold pieces at shops.

Inventory:

Hand Weapons
 F - a +6 demon trident
Missiles
 s - a curare-tipped dart
Armour
 i - a +2 cloak
 u - a +2 pair of boots (worn)
 v - a +0 pair of gloves (worn)
 w - a +2 hat (worn)
 y - a scarf of resistance (worn)
 G - the +2 pair of gloves of the Armoured One {+Blink rPois Int-3 SInv}
   (You found it on level 2 of the Lair of Beasts)

   Int:       It affects your intelligence (-3).
   rPois:     It protects you from poison.
   SInv:      It lets you see invisible.
   +Blink:    It lets you blink.
Magical Staves
 o - a staff of air (weapon)
Jewellery
 h - a ring of fire (left hand)
 z - an amulet of the acrobat
 D - a ring of magical power
Wands
 d - a wand of acid (7)
 j - a wand of charming (15)
 q - a wand of mindburst (29)
 B - a wand of paralysis (14)
Scrolls
 a - 2 scrolls of vulnerability
 f - a scroll of silence
 g - 4 scrolls of amnesia
 l - 3 scrolls of immolation
 m - 2 scrolls of enchant weapon
 p - 3 scrolls of brand weapon
 r - 4 scrolls of teleportation
 t - 3 scrolls of fog
 A - a scroll of magic mapping
 E - a scroll of fear
 H - a scroll of torment {unknown}
Potions
 b - 2 potions of magic
 c - a potion of flight
 k - 3 potions of might
 n - a potion of attraction
 C - a potion of berserk rage


   Skills:
 - Level 1.2 Fighting
 - Level 1.0 Short Blades
 + Level 0.7(1.2) Axes
 + Level 1.2(1.5) Maces & Flails
 + Level 0.7(1.1) Polearms
 + Level 0.8(1.3) Staves
 + Level 0.6(1.0) Slings
 + Level 0.6 Bows
 + Level 1.1 Crossbows
 + Level 1.1(1.2) Throwing
 - Level 2.3 Dodging
 - Level 2.3 Stealth
 + Level 0.7 Shields
 + Level 0.7 Unarmed Combat
 * Level 12.3 Spellcasting
 * Level 11.3 Conjurations
 + Level 0.6 Hexes
 + Level 1.2 Summonings
 + Level 0.7 Necromancy
 - Level 3.2 Translocations
 + Level 0.7 Transmutations
 * Level 13.0 Fire Magic
 + Level 0.7 Ice Magic
 + Level 6.1 Air Magic
 + Level 1.0 Earth Magic
 + Level 0.7 Poison Magic
 + Level 0.9 Invocations
 + Level 1.3 Evocations


You had 3 spell levels left.
You knew the following spells:

 Your Spells              Type           Power      Damage    Failure   Level
a - Foxfire               Conj/Fire      100%       2x1d9     1%          1
b - Blink                 Tloc           N/A        N/A       1%          2
c - Conjure Flame         Conj/Fire      79%        6-21      1%          3
d - Sticky Flame          Conj/Fire      79%        2d9       1%          4
e - Fireball              Conj/Fire      39%        3d16      1%          5
f - Lightning Bolt        Conj/Air       33%        1d51      1%          5
g - Bolt of Magma         Conj/Fire/Erth 33%        4d15      1%          5
h - Ignition              Fire           41%        3d12      36%         8

Your spell library contained the following spells:

 Spells                   Type           Power      Damage    Failure   Level
 Apportation              Tloc           54%        N/A       1%          1
 Corpse Rot               Necr/Air       N/A        N/A       1%          2
 Poisonous Vapours        Pois/Air       84%        N/A       1%          2
 Static Discharge         Conj/Air       67%        N/A       1%          2
 Dazzling Flash           Conj/Hex       78%        N/A       1%          3
 Inner Flame              Hex/Fire       60%        N/A       1%          3
 Mephitic Cloud           Conj/Pois/Air  57%        N/A       1%          3
 Animate Skeleton         Necr           32%        N/A       3%          1
 Beastly Appendage        Tmut           32%        N/A       3%          1
 Corona                   Hex            17%        N/A       3%          1
 Summon Small Mammal      Summ           72%        N/A       3%          1
 Frozen Ramparts          Ice            32%        1d5       3%          3
 Lesser Beckoning         Tloc           13%        N/A       3%          3
 Ensorcelled Hibernation  Hex/Ice        32%        N/A       5%          2
 Slow                     Hex            16%        N/A       5%          2
 Sublimation of Blood     Necr           8%         N/A       5%          2
 Wereblood                Tmut           16%        N/A       5%          2
 Portal Projectile        Hex/Tloc       44%        N/A       6%          3
 Call Canine Familiar     Summ           18%        N/A       9%          3
 Confusing Touch          Hex            16%        N/A       11%         3
 Spider Form              Tmut/Pois      8%         N/A       11%         3
 Vampiric Draining        Necr           8%         2d7       11%         3
 Hailstorm                Conj/Ice       39%        3d9       1%          4
 Freezing Cloud           Conj/Ice/Air   28%        6-21      3%          5
 Olgreb's Toxic Radiance  Pois           16%        N/A       10%         4
 Leda's Liquefaction      Hex/Erth       8%         N/A       32%         4
 Petrify                  Tmut/Erth      17%        N/A       32%         4
 Summon Ice Beast         Ice/Summ       17%        N/A       32%         4
 Silence                  Hex/Air        21%        N/A       32%         5
 Dispel Undead            Necr           16%        3d10      34%         4
 Ice Form                 Ice/Tmut       16%        N/A       34%         4
 Manifold Assault         Tloc           27%        N/A       34%         5
 Summon Mana Viper        Hex/Summ       17%        N/A       67%         5
 Agony                    Necr           16%        N/A       69%         5
 Metabolic Englaciation   Hex/Ice        8%         N/A       71%         5
 Death Channel            Necr           8%         N/A       99%         6
 Simulacrum               Ice/Necr       8%         N/A       99%         6
 Statue Form              Tmut/Erth      11%        N/A       99%         6
 Ozocubu's Refrigeration  Ice            8%         4d6       99%         7
 Maxwell's Capacitive Co  Air            28%        ∞         99%         8
 Monstrous Menagerie      Summ           9%         N/A       100%        7
 Summon Hydra             Summ           9%         N/A       100%        7


Dungeon Overview and Level Annotations

Branches:
Dungeon (11/15)            Temple (1/1) D:7            Lair (4/6) D:10
 Spider (0/4) Lair:2          Orc (0/2) D:10
  Swamp: Lair:2-4    Shoals: Lair:2-4

Altars:
Ashenzari
Cheibriados
Dithmenos
Elyvilon
Fedhas
Gozag
Hepliaklqana
Kikubaaqudgha
Makhleb
Nemelex Xobeh
Okawaru
Qazlal
Ru
Sif Muna
Trog
Uskayaw
Vehumet
Wu Jian
Xom
Yredelemnul
Zin
The Shining One

Shops:
D:7 *   D:9 (   D:11 ?

Annotations:
D:2 Sigmund
D:10 2 transporters, totalnoob's ghost, journeyman TeAE


Innate Abilities, Weirdness & Mutations

You can breathe blasts of scalding, opaque steam.
Your pale cyan-grey scales are hard. (AC +8)
You cannot fit into any form of body armour.
You are cold-blooded and may be slowed by cold attacks.
You are immune to the effects of steam.


Message History

The tarantella fails to trigger a net trap.
The tarantella blinks!
You blink.
The redback completely misses you.
Unknown command.
Casting: Sticky Flame (safe; 1% risk of failure)
Confirm with . or Enter, or press ? or * to list all spells.
Aiming: Bolt of Magma (dangerous; 1% risk of failure)
Press: ? - help, Shift-Dir - straight line, f - redback
Aim: a redback (severely wounded, covered in liquid flames, 76% to hit)
You feel a surge of power!
The bolt of magma hits the redback!!
You kill the redback!
Vehumet accepts your kill.
You feel your power returning.
The bolt of magma hits the redback!!
You kill the redback!
Vehumet accepts your kill.
You feel your power returning.
You feel extremely sick.
Unknown command.
* * * LOW HITPOINT WARNING * * *
You feel extremely sick.
You feel more experienced!
Your Maces & Flails skill increases to level 1!
Your Crossbows skill increases to level 1!
Your Throwing skill increases to level 1!
Your Summonings skill increases to level 1!
Your Fire Magic skill increases to level 13!
Your Earth Magic skill increases to level 1!
Your Evocations skill increases to level 1!
You have reached level 13!
* * * LOW HITPOINT WARNING * * *
You feel extremely sick.
Okay, then.
As you read the scroll labelled UZUKHUSUPP, it crumbles to dust.
You feel aware of your surroundings.
It was a scroll of magic mapping.
* * * LOW HITPOINT WARNING * * *
You feel extremely sick.
Unknown command.
As you read the scroll labelled COTOES ZEMMEM, it crumbles to dust.
You assume a fearsome visage.
Nothing appears to happen.
It was a scroll of fear.
You die...

.................................
.................................
................#.#...P##.#..#..#
............#####################
.............# ....^........# *##
............## ##.#*
............####.#,* ********
............#.8#@#,** ***,*≈≈≈≈*
.............#.'†#,,***,+,+,,,8*
.............#8##.[.§#*,+,+^,,,*
....##.##.#.####*##s).s,+,+^,,8*
....##..###..# **.#.**,*≈≈≈≈*
.........P#.## *,*,*********
....#........# **,**
....##....#.## *** ....##......##


There were no monsters in sight!

Vanquished Creatures
  Snorg (Lair:3)
  A boulder beetle (D:10)
  A hydra (Lair:1)
  3 death yaks (Lair:3)
  Urug (D:10)
  Nergalle (Lair:2)
  2 deep elf pyromancers
  4 elephants
  2 black mambas (Lair:1)
  2 torpor snails
  A kobold demonologist (D:11)
  4 cane toads
  An unseen horror (D:10)
  3 komodo dragons
  A rime drake (Lair:4)
  5 jumping spiders (Lair:2)
  A polar bear (Lair:4)
  Prince Ribbit (D:7)
  2 dream sheep (Lair:3)
  8 redbacks
  22 yaks
  Eustachio (D:5)
  2 wyverns
  2 basilisks (D:10)
  2 steam dragons
  A vampire mosquito (D:9)
  Menkaure (D:7)
  Edmund (D:5)
  2 acid dragons
  7 water moccasins
  3 ice beasts
  6 orc warriors
  3 black bears
  2 sky beasts
  A boggart (shapeshifter) (D:9)
  6 centaurs
  2 phantoms
  7 wolves
  3 kobold brigands
  11 bullfrogs
  4 scorpions
  A water moccasin zombie (D:4)
  A water moccasin skeleton (D:4)
  10 killer bees
  9 wights
  3 electric eels
  A bullfrog zombie (D:7)
  4 centaur zombies
  A jelly (D:4)
  2 bullfrog skeletons
  A hound (D:5)
  2 gnoll shamans (D:7)
  8 orc priests
  Crazy Yiuf (D:5)
  A centaur skeleton (D:6)
  Ijyb (D:5)
  An iguana (D:5)
  10 orc wizards
  A scorpion zombie (D:5)
  A killer bee zombie (D:7)
  25 gnolls
  2 howler monkey zombies
  4 adders
  A white imp (D:5)
  2 ufetubi
  2 adder skeletons (D:4)
  3 worms (D:2)
  3 dart slugs
  35 orcs
  8 ball pythons
  5 bats
  6 endoplasms
  3 giant cockroaches
  5 hobgoblins
  6 jackals
  14 kobolds
  5 quokkas
  2 frilled lizards (D:1)
  5 goblins
  5 rats
334 creatures vanquished.

Vanquished Creatures (collateral kills)
  A foxfire (Lair:2)
1 creature vanquished.

Vanquished Creatures (others)
  A wizard (D:10)
  880 foxfires
  23 fungi
  27 plants
931 creatures vanquished.

Grand Total: 1266 creatures vanquished

Notes
Turn   | Place    | Note
-------+----------+-------------------------------------------
     0 | D:1      | EatSleepCrawl the Draconian Fire Elementalist began the
                  | quest for the Orb.
     0 | D:1      | Reached XP level 1. HP: 14/14 MP: 3/3
   321 | D:1      | Found a faded altar of an unknown god.
   350 | D:1      | Reached XP level 2. HP: 20/20 MP: 1/5
   723 | D:1      | Got the Handbook of the Volcano
  1182 | D:2      | Reached skill level 4 in Fire Magic
  1182 | D:2      | Reached XP level 3. HP: 19/27 MP: 0/6
  1391 | D:2      | Reached XP level 4. HP: 26/34 MP: 3/7
  1686 | D:2      | Noticed Sigmund
  2235 | D:2      | Learned a level 2 spell: Blink
  2239 | D:2      | Learned a level 3 spell: Conjure Flame
  2864 | D:3      | Reached XP level 5. HP: 39/39 MP: 5/9
  3510 | D:3      | Found a broken altar of Ashenzari.
  3549 | D:3      | Reached XP level 6. HP: 39/46 MP: 0/11
  4137 | D:4      | Reached skill level 1 in Fighting
  4137 | D:4      | Reached skill level 1 in Translocations
  4249 | D:4      | Reached skill level 5 in Fire Magic
  4449 | D:4      | Your scales start taking on a pale cyan-grey colour.
  4449 | D:4      | Reached XP level 7. HP: 37/52 MP: 2/13
  4449 | D:4      | Gained mutation: You are immune to the effects of steam.
                  | [Pale Draconian growth]
  4533 | D:4      | Learned a level 4 spell: Sticky Flame
  4837 | D:4      | Reached skill level 6 in Fire Magic
  4854 | D:4      | Found a glowing silver altar of Zin.
  4909 | D:4      | Found an ancient bone altar of Kikubaaqudgha.
  5026 | D:5      | Entered Level 5 of the Dungeon
  5118 | D:5      | Noticed Eustachio
  5135 | D:5      | Killed Eustachio
  5197 | D:5      | Noticed Edmund
  5258 | D:5      | Noticed Ijyb
  5295 | D:5      | Killed Edmund
  5296 | D:5      | Reached skill level 5 in Spellcasting
  5296 | D:5      | Reached XP level 8. HP: 28/59 MP: 5/15
  5925 | D:5      | Found a stormy altar of Qazlal.
  5934 | D:5      | Found a glowing golden altar of the Shining One.
  5993 | D:5      | Paralysed by Ijyb for 6 turns
  6005 | D:5      | Reached skill level 7 in Fire Magic
  6177 | D:5      | Found a runed translucent door.
  6178 | D:5      | Noticed Crazy Yiuf
  6217 | D:5      | Paralysed by Ijyb for 5 turns
  6227 | D:5      | Killed Ijyb
  6305 | D:5      | Found a hazy altar of Hepliaklqana.
  6325 | D:5      | Found a shadowy altar of Dithmenos.
  6328 | D:5      | Found a radiant altar of Vehumet.
  6328 | D:5      | Found a sacrificial altar of Ru.
  6330 | D:5      | Found a glowing golden altar of the Shining One.
  6330 | D:5      | Found an ancient bone altar of Kikubaaqudgha.
  6330 | D:5      | Found a shimmering altar of Xom.
  6434 | D:5      | Killed Crazy Yiuf
  7039 | D:6      | Found an ornate altar of the Wu Jian Council.
  7047 | D:6      | Learned a level 5 spell: Fireball
  7061 | D:6      | Reached skill level 5 in Conjurations
  7795 | D:6      | Reached XP level 9. HP: 47/64 MP: 16/19
  8425 | D:7      | Noticed Menkaure
  8433 | D:7      | Killed Menkaure
  8632 | D:7      | Found Enaajygo's General Store.
  8873 | D:7      | Found a staircase to the Ecumenical Temple.
  8890 | Temple   | Entered the Ecumenical Temple
  8939 | Temple   | Became a worshipper of Vehumet
  9247 | D:7      | Reached skill level 8 in Fire Magic
  9400 | D:7      | Noticed Prince Ribbit
  9405 | D:7      | Killed Prince Ribbit
  9547 | D:7      | Bought a potion of haste for 130 gold pieces
 10007 | D:8      | Reached skill level 1 in Short Blades
 10279 | D:8      | Found a burning altar of Makhleb.
 10395 | D:8      | Found a shimmering blue altar of Sif Muna.
 10520 | D:9      | Reached * piety under Vehumet
 10520 | D:9      | Offered knowledge of Magic Dart by Vehumet.
 10768 | D:9      | Reached skill level 9 in Fire Magic
 10963 | D:9      | Reached XP level 10. HP: 55/71 MP: 18/22
 11405 | D:9      | Noticed a salamander
 11405 | D:9      | Noticed a deep elf pyromancer
 11635 | D:9      | Found Pevo's Antique Weapon Boutique.
 11771 | D:9      | Learned a level 5 spell: Lightning Bolt
 12059 | D:10     | Entered Level 10 of the Dungeon
 12211 | D:10     | Noticed a two-headed ogre
 12212 | D:10     | Noticed totalnoob's ghost (journeyman TeAE)
 12212 | D:10     | Noticed a deep elf pyromancer
 12213 | D:10     | Noticed an orc knight
 12220 | D:10     | Noticed a cyclops
 12237 | D:10     | Found a transporter.
 12239 | D:10     | Found a transporter.
 12271 | D:10     | Found a bloodstained altar of Trog.
 12274 | D:10     | Noticed a wizard
 12279 | D:10     | Killed a wizard
 12369 | D:10     | Reached skill level 1 in Air Magic
 12459 | D:10     | Noticed an elephant
 12484 | D:10     | Offered knowledge of Sandblast by Vehumet.
 12717 | D:10     | Reached ** piety under Vehumet
 12722 | D:10     | Reached skill level 10 in Fire Magic
 12892 | D:10     | Noticed a boulder beetle
 12906 | D:10     | Killed a boulder beetle
 13211 | D:10     | Noticed Urug
 13412 | D:9      | Killed a deep elf pyromancer
 13413 | D:9      | Reached XP level 11. HP: 77/77 MP: 13/24
 14041 | D:11     | Noticed a seven-headed hydra
 14465 | D:10     | Found a staircase to the Lair.
 15070 | D:10     | Found a staircase to the Orcish Mines.
 15283 | D:10     | Found a hide-covered altar of Uskayaw.
 15283 | D:10     | Found a white marble altar of Elyvilon.
 15368 | D:10     | Reached skill level 10 in Spellcasting
 15681 | D:10     | Killed Urug
 15825 | D:11     | Found Elahuhoj's Magic Scroll Boutique.
 15827 | D:11     | HP: 3/77 [seven-headed hydra (8)]
 16301 | D:11     | Noticed a deep elf pyromancer
 16305 | D:11     | Killed a deep elf pyromancer
 16306 | D:11     | Reached skill level 11 in Fire Magic
 16452 | Lair:1   | Entered Level 1 of the Lair of Beasts
 16498 | Lair:1   | Noticed a four-headed hydra
 16502 | Lair:1   | Killed a four-headed hydra
 16508 | Lair:1   | Offered knowledge of Ignite Poison by Vehumet.
 16879 | Lair:1   | Reached *** piety under Vehumet
 17560 | Lair:1   | Found a runed translucent door.
 17738 | Lair:2   | Noticed Nergalle
 17767 | Lair:2   | Killed Nergalle
 17768 | Lair:2   | Reached skill level 10 in Conjurations
 17768 | Lair:2   | Reached XP level 12. HP: 76/84 MP: 6/27
 18338 | Lair:2   | Offered knowledge of Stone Arrow by Vehumet.
 19282 | Lair:2   | Identified the +2 pair of gloves of the Armoured One
                  | {+Blink rPois Int-3 SInv}
 19500 | Lair:2   | Reached skill level 12 in Fire Magic
 19568 | Lair:2   | Reached skill level 5 in Air Magic
 19661 | Lair:2   | Found a hole to the Spider Nest.
 19955 | Lair:3   | Noticed Snorg
 19961 | Lair:3   | Killed Snorg
 20239 | Lair:3   | Reached **** piety under Vehumet
 20241 | Lair:3   | Noticed a death yak
 20241 | Lair:3   | Noticed a death yak
 20242 | Lair:3   | Noticed a death yak
 20243 | Lair:3   | Noticed a death yak
 20398 | Lair:3   | Killed a death yak
 20531 | Lair:3   | Killed a death yak
 20531 | Lair:3   | Killed a death yak
 20836 | Lair:4   | Offered knowledge of Bolt of Magma by Vehumet.
 20843 | Lair:4   | Learned a level 5 spell: Bolt of Magma
 21339 | Lair:4   | Learned a level 8 spell: Ignition
 21799 | Lair:1   | Reached skill level 1 in Maces & Flails
 21799 | Lair:1   | Reached skill level 1 in Crossbows
 21799 | Lair:1   | Reached skill level 1 in Throwing
 21799 | Lair:1   | Reached skill level 1 in Summonings
 21799 | Lair:1   | Reached skill level 13 in Fire Magic
 21799 | Lair:1   | Reached skill level 1 in Earth Magic
 21799 | Lair:1   | Reached skill level 1 in Evocations
 21799 | Lair:1   | Reached XP level 13. HP: 22/90 MP: 17/29
 21800 | Lair:1   | HP: 2/90 [poisoned by a redback]
 21801 | Lair:1   | Succumbed to a redback's poison

Illustrated notes

Levels and vault maps discovered:
D:1:      dpeg_arrival_windows_large_door, layout_loops_cross,
          shapermc_ecumenical_altar_mp_ritualfount
D:2:      layout_basic, uniq_sigmund
D:3:      layout_loops_ring, nicolae_overflow_crystal_walls, amethyst_killhole
D:4:      layout_rooms, zin_treasury, lemuel_tele_altar
D:5:      layout_rooms, mainiacjoe_overflow_swirl, doesnt_xom_only_xom,
          lemuel_doored_altar, hangedman_decor_peaks_small, uniq_edmund,
          uniq_crazy_yiuf_cottage, uniq_ijyb, uniq_eustachio
D:6:      layout_loops_corners, pdpol_wu_jian_five_deadly_venoms,
          grunt_decor_junction, corner_web_ring, water_maze_lemuel
D:7:      layout_loops_cross, temple_pool_b, serial_shops, nicolae_shop_trees,
          hangedman_abyss_or_decor_slice, uniq_menkaure, uniq_prince_ribbit1
D:8:      layout_cave_pools, amcnicky_altar_gilded, old_standard_altar
D:9:      layout_loops_ring, serial_shops, shop, kb_rosetta
D:10:     layout_long_grid, trog_wizard,
          chequers_temple_overflow_statue_of_worship, david_lair_generic,
          david_orc_4, nzn_ghost_randoct, uniq_urug
D:11:     layout_loops_ring, serial_shops, nicolae_shop_overgrown_old_shop,
          nicolae_shop_trees, nicolae_shop_temple_entry_statues_fountains,
          nicolae_shop_behind_doors, uniq_sonja, uniq_gastronok
Temple:   compressed_dpeg_triangle_lava_temple
Lair:1:   gammafunk_indiana_jones, layout_regular_city, grunt_megastairs_4
Lair:2:   layout_cave_pods, nicolae_spider_entry_tight_spaces,
          serial_bayou_shore_a, grunt_megastairs_3, uniq_nergalle
Lair:3:   layout_gridlike, minmay_shoals_entry_lonely_mermaid,
          infiniplex_staircase_pool_2, uniq_snorg, uniq_fannar
Lair:4:   layout_hall_layers, hibernation_bobbens

Skill      XL: |  1  2  3  4  5  6  7  8  9 10 11 12 |
---------------+-------------------------------------+-----
Fire Magic     | 4 5 6 7 9 10 11 13 | 13.0
Stealth        | 2 |  2.3
Conjurations   | 2 3 4 5 7 8 10 11 | 11.3
Spellcasting   | 3 4 5 6 8 9 11 12 | 12.3
Dodging        | 2 |  2.3
Fighting       | 1 |  1.2
Translocations | 1 2 3 |  3.2
Short Blades   | 1 |  1.0
Air Magic      | 2 4 6 |  6.1
Maces & Flails | 1 |  1.2
Crossbows      | 1 |  1.1
Throwing       | 1 |  1.1
Summonings     | 1 |  1.2
Earth Magic    | 1 |  1.0
Evocations     | 1 |  1.3
Axes           | |  0.7
Polearms       | |  0.7
Staves         | |  0.8
Slings         | |  0.6
Bows           | |  0.6
Shields        | |  0.7
Unarmed Combat | |  0.7
Hexes          | |  0.6
Necromancy     | |  0.7
Transmutations | |  0.7
Ice Magic      | |  0.7
Poison Magic   | |  0.7
Invocations    | |  0.9

Action                   |  1- 3 |  4- 6 |  7- 9 | 10-12 | 13-15 || total
-------------------------+-------+-------+-------+-------+-------++-------
Melee: Short sword       |     2 |    27 |    12 |       |       ||    41
       Tailslap          |       |     2 |     2 |     1 |       ||     5
       Dagger            |       |       |    10 |     6 |       ||    16
       Staff             |       |       |       |    18 |       ||    18
 Cast: Foxfire           |    45 |   120 |   249 |   120 |       ||   534
       Blink             |       |     3 |    15 |     6 |       ||    24
       Conjure Flame     |       |     2 |    13 |     1 |       ||    16
       Sticky Flame      |       |       |    16 |    73 |       ||    89
       Fireball          |       |       |    11 |   113 |       ||   124
       Lightning Bolt    |       |       |       |    13 |       ||    13
       Bolt of Magma     |       |       |       |    11 |       ||    11
 Abil: Breathe Steam     |       |       |       |     1 |       ||     1
  Use: Potion            |       |     1 |     3 |     7 |       ||    11
       Scroll            |       |       |     5 |    10 |     2 ||    17
Armor: Skin              |     5 |    34 |    81 |    79 |       ||   199
Dodge: Dodged            |    14 |    68 |   103 |   123 |       ||   308

Table legend: (Time is in decaauts)
 A = Elapsed time spent in this place.
 B = Non-inter-level travel time spent in this place.
 C = Inter-level travel time spent in this place.
 D = Time resting spent in this place.
 E = Time spent auto-exploring this place.
 F = Levels seen in this place.
 G = Mean time per level.
                   A        B        C        D        E       F      G
               +--------+--------+--------+--------+--------+-----+--------+
         Total |  21820 |  20793 |   1027 |   2584 |  14648 |  16 | 1363.8 |
       Dungeon |  16231 |  15341 |    890 |   2269 |  10189 |  11 | 1475.5 |
        Temple |    217 |    208 |      9 |      0 |    199 |   1 |  217.0 |
          Lair |   5371 |   5243 |    128 |    315 |   4259 |   4 | 1342.8 |
               +--------+--------+--------+--------+--------+-----+--------+

Top non-repeatable levels by time:
  Lair:2: 2893 daAuts
     D:9: 2852 daAuts
    D:10: 2502 daAuts
     D:6: 1890 daAuts
     D:5: 1520 daAuts
     D:2: 1504 daAuts
  Lair:1: 1380 daAuts
     D:3: 1368 daAuts
     D:1: 1304 daAuts
     D:7: 1128 daAuts
     D:4: 1121 daAuts
  Lair:4: 832 daAuts
     D:8: 773 daAuts
    D:11: 265 daAuts
  Lair:3: 265 daAuts
